Map: 16-Bit LE

Players

Mik

  • Race: Zerg Zerg
  • Spawn Location: 1:00

grillbottom - Winner!

  • Race: Terran Terran
  • League: Silver
  • Spawn Location: 7:00

VOD

Have the link to the VOD?

Description

Time

  • Played on: March 11, 2023, 4:12 a.m.
  • Length: 11:07
Show
View Real Time Build Order
Export as new Build Order

Mik Zerg 

Build Orders: Pool First 

Get SALT Encoding   

  12  0:08  Overlord  
  12  0:20  Drone x2  
  14  0:43  Spawning Pool  
  13  0:57  Drone  
  13  0:58  Drone x2  
  16  1:21  Hatchery  
  15  1:30  Overlord  
  15  1:33  Queen  
  17  1:41  Extractor x2  
  15  1:53  Overlord  
  15  2:14  Hatchery  
  14  2:24  Drone x2  
  14  2:25  Drone  
  17  2:40  Roach Warren  
  16  2:49  Queen  
  18  3:01  Drone x3  
  21  3:17  Drone  
  21  3:18  Drone  
  21  3:19  Drone x2  
  25  3:35  Drone x3  
  25  3:39  Drone  
  30  3:41  Drone  
  30  3:53  Baneling Nest  
  29  3:59  Drone x2  
  31  4:04  Drone x2  
  33  4:12  Extractor  
  33  4:15  Extractor  
  31  4:34  Drone x2  
  33  4:40  Drone x3  
  36  4:46  Zergling x18  
  45  5:00  Lair  
  45  5:06  Burrow  
  45  5:13  Baneling x11  
  45  5:14  Baneling  
  45  5:24  Drone  
  45  5:26  Drone x3  
  46  5:57  Queen  
  48  6:19  Spawning Pool  
  35  7:07  Baneling x3  
  35  7:12  Drone x7  
  42  7:28  Drone x3  
  44  7:34  Drone x2  
  46  7:44  Extractor  
  46  7:50  Drone x2  
  47  7:53  Queen  
  45  8:07  Spore Crawler x2  
  45  8:09  Spore Crawler  
  30  8:24  Zergling x12  
  33  8:45  Queen  
  35  8:51  Hydralisk Den  
  34  9:01  Spore Crawler  
  34  9:02  Baneling  
  33  9:03  Baneling x11  
  33  9:05  Spore Crawler, Drone x3  
  33  9:08  Queen  
  37  9:14  Baneling x3  
  37  9:21  Baneling x5, Queen  
  37  9:22  Baneling x4  
  39  9:29  Baneling x2  
  39  9:35  Baneling x7  
  33  9:59  Hydralisk x3  
  37  10:09  Spawning Pool  
  34  10:25  Hydralisk x2  
  26  10:45  Drone x3  
Show
View Real Time Build Order
Export as new Build Order

grillbottom Terran - Winner!

Build Orders: 1/1/1 

Get SALT Encoding   

  12  0:00  SCV  
  13  0:17  Supply Depot  
  13  0:18  SCV  
  14  0:30  SCV  
  15  0:40  Barracks  
  15  0:46  SCV  
  15  0:49  Refinery  
  16  0:58  SCV  
  16  1:02  Refinery  
  17  1:10  SCV  
  18  1:22  SCV  
  19  1:29  Supply Depot  
  19  1:30  Marine  
  20  1:34  SCV  
  21  1:42  Factory  
  21  1:47  SCV  
  22  1:59  Marine, SCV  
  24  2:06  Supply Depot  
  24  2:11  SCV  
  25  2:17  Marine  
  25  2:21  Supply Depot  
  26  2:28  Starport  
  26  2:32  Factory Reactor  
  26  2:37  Marine  
  27  2:47  Orbital Command  
  27  2:54  Marine  
  28  3:08  Starport Tech Lab  
  28  3:09  Fusion Core  
  28  3:28  Command Center  
  28  3:32  SCV  
  29  3:38  Hellion  
  31  3:42  Hellion  
  33  3:52  SCV  
  34  4:09  Battlecruiser  
  40  4:17  Hellion  
  42  4:19  Hellion  
  44  4:36  Marine  
  44  4:38  Hellion  
  47  4:40  Hellion  
  49  4:46  SCV  
  50  4:54  Marine  
  50  4:59  Hellion  
  53  5:02  Hellion, SCV  
  53  5:04  SCV  
  57  5:11  Marine  
  58  5:14  SCV  
  58  5:16  Supply Depot, SCV  
  60  5:23  Supply Depot  
  60  5:40  Marine  
  60  5:42  Hellion x2  
  65  6:01  Battlecruiser  
  65  6:03  Hellion x2  
  75  6:15  Marine  
  76  6:24  Hellion  
  78  6:30  Supply Depot  
  78  6:31  Supply Depot  
  72  6:40  Hellion  
  70  6:58  Marine, Hellion  
  75  7:01  Hellion  
  75  7:05  Battlecruiser  
  75  7:06  Weapon Refit  
  81  7:16  Marine  
  80  7:34  Marine, SCV x2, Bunker  
  80  7:35  Bunker  
  83  7:38  Supply Depot  
  83  7:46  SCV x2  
  85  7:58  Marine  
  86  7:59  Hellion x2  
  90  8:10  Battlecruiser  
  96  8:15  Marine  
  97  8:23  Hellion x2  
  101  8:33  Marine  
  102  8:58  Marine  
  101  9:07  Supply Depot x2  
  101  9:08  Supply Depot  
  101  9:12  Refinery  
  101  9:22  Marine  
  102  9:28  Battlecruiser  
  102  9:29  Hellion x2  
  100  10:02  Marine  
  100  10:04  Hellion x2  
  105  10:20  Marine  
Tags
 
League
Silver
Matchup
TvZ
Spawn Locations
Cross Positions
Add a new tag
Caveats
  • Supply blocks, unpowered buildings, or Contaminate may cause inaccurate times.
  • Supply counts are checked every 10 seconds.